 Dungeon Crawl Stone Soup version 0.22-a0-815-gb582571 (webtiles) character file.

37 iamserjio the Ducker (level 3, -1/19 HPs)
             Began as a Spriggan Monk on July 23, 2018.
             Slain by a hound (4 damage)
             ... on level 4 of the Dungeon.
             The game lasted 00:06:09 (1009 turns).

iamserjio the Ducker (Spriggan Monk)                Turns: 1009, Time: 00:06:10

Health: -1/19      AC:  2    Str:  8    XL:     3   Next: 23%
Magic:  4/4        EV: 21    Int: 11    God:
Gold:   116        SH:  0    Dex: 18    Spells: 2/2 levels left

rFire    . . .     SeeInvis +   a - +0 short sword
rCold    . . .     Gourm    .   (shield restricted)
rNeg     . . .     Faith    .   b - +0 robe
rPois    .         Spirit   .   (helmet restricted)
rElec    .         Reflect  .   (no cloak)
rCorr    .         Harm     .   (gloves unavailable)
MR       .....                  (boots unavailable)
Stlth    +++.......             (no amulet)
HPRegen  0.06/turn              (no ring)
MPRegen  0.09/turn              (no ring)

@: very quick
A: very small, unfitting armour, see invisible, herbivore, speed 3, slow
metabolism 2
a: no special abilities


You were on level 4 of the Dungeon.
You were not hungry.

You visited 1 branch of the dungeon, and saw 5 of its levels.

You collected 116 gold pieces.

Inventory:

Hand Weapons
 a - a +0 short sword (weapon)
Missiles
 h - 6 needles of confusion
 i - 22 arrows
 n - 21 poisoned needles
Armour
 b - a +0 robe (worn)
 r - a +2 buckler
Scrolls
 f - a scroll of enchant armour {unknown}
 g - 4 scrolls of identify {unknown}
 m - a scroll of fog {unknown}
 o - a scroll of random uselessness {unknown}
 p - a scroll of enchant weapon {unknown}
 q - a scroll of remove curse {unknown}
Potions
 d - a potion of might {unknown}
 e - a potion of agility {unknown}
 j - a potion of curing {unknown}
 k - a potion of degeneration {unknown}
 l - 2 potions of magic {unknown}
Comestibles
 c - 4 rations


   Skills:
 - Level 2.4 Fighting
 + Level 3.7 Short Blades
 + Level 5.0 Dodging
 * Level 4.6 Stealth


You had 2 spell levels left.
You didn't know any spells.
Your spell library was empty.

Dungeon Overview and Level Annotations

Branches:
Dungeon (5/15)
 Temple: D:4-7

Altars:

Shops:
D:4 (

Annotations:
D:2 Robin, Terence


Innate Abilities, Weirdness & Mutations

You are very small and have problems with some larger weapons.
You are too small for most types of armour.
You have supernaturally acute eyesight. (SInv)
You are a herbivore.
You cover ground extremely quickly.
You need to consume almost no food.


Message History

The hound is moderately wounded.
The hound misses you. The hound barely misses you.
You hit the hound.
The hound is heavily wounded.
The hound misses you.
You closely miss the hound.
The hound is heavily wounded.
The hound completely misses you. The hound misses you.
You hit the hound but do no damage.
The hound is heavily wounded.
The hound bites you.
* * * LOW HITPOINT WARNING * * *
You open the door. The hound bites you.
* * * LOW HITPOINT WARNING * * *
The hound completely misses you.
You see here a runed buckler.
r - a runed buckler The hound completely misses you.
The hound bites you.
You die...

.#..###8.8.8.....
##..###.⌠.⌠..+## #####
.......8.∩.8...#.....#
........⌠.⌠....#.....+
.......8.8.8...'.....#
######...##....#######
... ###'##....##.# ...
#....#......h.# ...
#....#......@.# ...
#....#........# ...
#########+##### #.. ..


You could see a hound.

Vanquished Creatures
  An adder (D:2)
  A dart slug (D:2)
  A leopard gecko (D:2)
  10 goblins
  4 hobgoblins
  A quokka (D:2)
  3 bats
  A frilled lizard (D:1)
  2 kobolds
  2 rats (D:2)
26 creatures vanquished.

Notes
Turn   | Place    | Note
-------+----------+-------------------------------------------
     0 | D:1      | iamserjio the Spriggan Monk began the quest for the Orb.
     0 | D:1      | Reached XP level 1. HP: 11/11 MP: 2/2
   187 | D:2      | Noticed Robin
   304 | D:2      | Reached XP level 2. HP: 9/16 MP: 3/3
   327 | D:2      | Noticed Terence
   528 | D:2      | Reached XP level 3. HP: 12/19 MP: 4/4
   884 | D:3      | Reached skill level 5 in Dodging
   887 | D:3      | You fall through a shaft for 2 floors!
   887 | D:5      | Entered Level 5 of the Dungeon
   887 | D:5      | Noticed a sky beast
   899 | D:5      | Noticed a phantom
   939 | D:4      | Found Hoah Jat's Weapon Emporium.
  1009 | D:4      | Slain by a hound

Vault maps used:
D:1:      dpeg_arrival_simpleton_a
D:2:      first_ration, uniq_robin, uniq_terence
D:4:      serial_shops, nicolae_shop_crystal,
          nicolae_shop_temple_entry_statues_fountains, shop,
          nicolae_shop_behind_doors, uniq_crazy_yiuf_cottage
D:5:      yredelemnul_forgotten_temple_becter, minivault_11

Skill      XL: |  1  2  3 |
---------------+----------+-----
Stealth        | 4 |  4.6
Dodging        | 5 |  5.0
Fighting       | |  2.4
Short Blades   | |  3.7

Action                   || total
-------------------------++-------
Melee: Short sword       ||    91
 Stab: Sleeping          ||     8
Armor: Robe              ||     5
Dodge: Dodged            ||    75

Table legend:
 A = Spawn XP
 B = Non-spawn XP
 C = Spawn XP percentage of total XP
 D = Spawn monster count
 E = Non-spawn monster count
 F = Spawn count percentage of total count
 G = Total turns spent on level
                    A         B        C        D         E        F      G
               +---------+---------+-------+---------+---------+-------+---------
         Total |       0 |      54 |   0.0 |       0 |      26 |   0.0 |  1009
               +---------+---------+-------+---------+---------+-------+---------
           D:1 |       0 |       8 |   0.0 |       0 |       6 |   0.0 |   278
           D:2 |       0 |      42 |   0.0 |       0 |      18 |   0.0 |   577
           D:3 |       0 |       4 |   0.0 |       0 |       2 |   0.0 |    32
               +---------+---------+-------+---------+---------+-------+---------
